 Dungeon Crawl Stone Soup version 0.26-a0-649-gf8c6c3aab7 (webtiles) character file.

Game seed: 1644146070986667534

273722 Gargoyl the Peltast (level 20, -10/160 HPs)
             Began as a Gnoll Abyssal Knight on Sept 25, 2020.
             Was the Champion of Lugonu.
             Killed from afar by a tengu reaver (29 damage)
             ... with a bolt of lightning
             ... on level 2 of the Vaults on Sept 26, 2020.
             The game lasted 01:03:23 (39817 turns).

Gargoyl the Peltast (Gnoll Abyssal Knight)         Turns: 39817, Time: 01:03:24

Health: -10/160    AC: 30    Str: 30    XL:     20   Next: 70%
Magic:  16/28      EV: 18    Int: 13    God:    Lugonu [******]
Gold:   3296       SH: 23    Dex: 21    Spells: 46/46 levels left

rFire    + . .     SeeInvis .   c - +8 broad axe (drain)
rCold    . . .     Faith    .   d - +2 kite shield of the Weaver {rPois MP-9 Str+3}
rNeg     . . .     Spirit   .   D - +0 plate armour {MR+}
rPois    +         Reflect  +   G - +4 helmet of Jaquc {Regen+ rCorr Str+4}
rElec    .         Harm     .   t - +1 cloak
rCorr    +         Rampage  .   j - +1 pair of gloves
MR       ++...                  T - +2 pair of boots
Stlth    ++........             O - amulet of reflection
HPRegen  0.76/turn              k - +6 ring of dexterity
MPRegen  0.21/turn              (no ring)

@: studying Shields
A: distributed training, fangs 1, dopey 1, fire resistance 1, wild magic 1,
strong nose
}: 1/15 runes: serpentine
a: Depart the Abyss, Bend Space, Banish, Corrupt, Enter the Abyss, Brand Weapon
With Distortion, Renounce Religion


You were on level 2 of the Vaults.
You worshipped Lugonu.
Lugonu was exalted by your worship.
You visited 6 branches of the dungeon, and saw 32 of its levels.
You visited the Abyss 4 times.

You collected 4961 gold pieces.
You spent 1665 gold pieces at shops.

Inventory:

Hand Weapons
 c - a +8 broad axe of draining (weapon)
 u - a +3 scimitar of flaming
 x - a +3 war axe
 U - a +7 vorpal hand axe
Missiles
 v - 103 poisoned darts (quivered)
Armour
 d - the +2 kite shield of the Weaver (worn) {rPois MP-9 Str+3}
   (You found it on level 7 of the Dungeon)

   It affects your strength (+3).
   It protects you from poison.
   It affects your magic capacity (-9).
 j - a +1 pair of gloves (worn)
 t - a +1 cloak (worn)
 D - a +0 plate armour of magic resistance (worn)
 G - the +4 helmet of Jaquc (worn) {Regen+ rCorr Str+4}
   (You found it on level 1 of the Lair of Beasts)

   It affects your strength (+4).
   It increases your rate of regeneration.
   It provides partial protection from all sources of acid and corrosion.
 T - a +2 pair of boots (worn)
Jewellery
 a - an uncursed amulet of the acrobat
 f - an uncursed ring of ice
 k - a +6 ring of dexterity (left hand)
 q - an uncursed ring of protection from fire
 y - a cursed +6 ring of strength
 z - an uncursed amulet of regeneration
 N - an uncursed ring of see invisible
 O - an amulet of reflection (around neck)
 S - the ring of Jowaakan {rC+ Str+2}
   (You acquired it on level 13 of the Dungeon)

   [ring of protection from cold]

   It affects your strength (+2).
   It protects you from cold.
 W - an uncursed ring of flight
 Y - an uncursed ring of poison resistance
 Z - an uncursed ring of ice
Wands
 i - a wand of disintegration (27)
 r - a wand of flame (61)
 A - a wand of acid (11)
 F - a wand of digging (4)
 V - a wand of paralysis (11)
Scrolls
 b - 2 scrolls of silence
 e - 13 scrolls of identify
 l - 3 scrolls of fear
 m - 13 scrolls of remove curse
 C - 4 scrolls of teleportation
 J - 5 scrolls of magic mapping
 K - 4 scrolls of fog
 P - a scroll of acquirement
 Q - a scroll of brand weapon
 X - 2 scrolls of enchant weapon
Potions
 g - a potion of might
 h - 6 potions of cancellation
 n - 3 potions of haste
 o - 7 potions of flight
 p - a potion of invisibility
 s - 4 potions of magic
 w - 5 potions of heal wounds
 B - 2 potions of brilliance
 E - a potion of mutation
 H - a potion of resistance
 I - 10 potions of ambrosia
 M - 7 potions of curing
 R - 2 potions of stabbing
Books
 L - a manual of Shields


   Skills:
 + Level 14.7 Fighting
 + Level 13.5 Short Blades
 + Level 13.5 Long Blades
 + Level 14.1 Axes
 + Level 13.5 Maces & Flails
 + Level 13.5 Polearms
 + Level 13.5 Staves
 + Level 13.5 Slings
 + Level 13.5 Bows
 + Level 13.5 Crossbows
 + Level 13.5 Throwing
 + Level 14.1 Armour
 + Level 13.7 Dodging
 + Level 13.5 Stealth
 + Level 16.5 Shields
 + Level 13.5 Unarmed Combat
 + Level 13.5 Spellcasting
 + Level 11.6 Conjurations
 + Level 11.6 Hexes
 + Level 11.6 Summonings
 + Level 11.6 Necromancy
 + Level 11.6 Translocations
 + Level 11.6 Transmutations
 + Level 11.6 Fire Magic
 + Level 11.6 Ice Magic
 + Level 11.6 Air Magic
 + Level 11.6 Earth Magic
 + Level 11.6 Poison Magic
 + Level 15.1 Invocations
 + Level 13.5 Evocations


You had 46 spell levels left.
You didn't know any spells.
Your spell library contained the following spells:

 Spells                   Type           Power        Failure   Level
 Animate Skeleton         Necr           ######       1%          1
 Magic Dart               Conj           ####         1%          1
 Pain                     Necr           ####         1%          1
 Sting                    Tmut/Pois      ####         1%          1
 Blink                    Tloc           N/A          1%          2
 Call Imp                 Summ           ######..     1%          2
 Ensorcelled Hibernation  Hex/Ice        ######       1%          2
 Poisonous Vapours        Pois/Air       ######       1%          2
 Searing Ray              Conj           ######       1%          2
 Slow                     Hex            ######..     1%          2
 Confusing Touch          Hex            ######..     2%          3
 Conjure Flame            Conj/Fire      ######..     2%          3
 Dazzling Flash           Conj/Hex       ######       2%          3
 Gell's Gravitas          Tloc           ######....   2%          3
 Ignite Poison            Fire/Tmut/Pois ######..     2%          3
 Mephitic Cloud           Conj/Pois/Air  ######..     2%          3
 Spider Form              Tmut/Pois      ######....   2%          3
 Vampiric Draining        Necr           ######....   2%          3
 Animate Dead             Necr           ######....   6%          4
 Fulminant Prism          Conj/Hex       ######....   6%          4
 Ice Form                 Ice/Tmut       ######..     6%          4
 Iskenderun's Mystic Bla  Conj/Tloc      ######..     6%          4
 Olgreb's Toxic Radiance  Pois           ######..     6%          4
 Petrify                  Tmut/Erth      ######..     6%          4
 Summon Ice Beast         Ice/Summ       ######..     6%          4
 Agony                    Necr           ######..     16%         5
 Bolt of Magma            Conj/Fire/Erth ######....   16%         5
 Borgnjor's Vile Clutch   Necr/Erth      ######....   16%         5
 Iskenderun's Battlesphe  Conj           ######..     16%         5
 Metabolic Englaciation   Hex/Ice        ######....   16%         5
 Silence                  Hex/Air        ######....   16%         5
 Yara's Violent Unravell  Hex/Tmut       ######....   16%         5
 Death Channel            Necr           ######....   58%         6
 Freezing Cloud           Conj/Ice/Air   ######....   58%         6
 Iron Shot                Conj/Erth      ######....   58%         6
 Ozocubu's Refrigeration  Ice            ######....   58%         6
 Shadow Creatures         Summ           N/A          58%         6
 Simulacrum               Ice/Necr       ######....   58%         6
 Malign Gateway           Summ/Tloc      ######....   98%         7
 Monstrous Menagerie      Summ           ######....   98%         7
 Orb of Destruction       Conj           ######....   98%         7
 Spellforged Servitor     Conj/Summ      ######....   98%         7
 Summon Greater Demon     Summ           ######....   98%         7
 Summon Horrible Things   Summ           ######....   100%        8


Dungeon Overview and Level Annotations

Branches:
Dungeon (15/15)            Temple (0/1) D:7            Lair (6/6) D:11
  Swamp (0/4) Lair:3        Snake (4/4) Lair:3        Slime (0/5) Lair:5
    Orc (2/2) D:12            Elf (3/3) Orc:2        Vaults (2/5) D:13
 Depths (0/5) D:15
  Crypt: Vaults:2-3

Altars:
Dithmenos
Elyvilon
Fedhas
Gozag
Nemelex Xobeh
Qazlal
Trog
Xom
Beogh

Shops:
D:13 ?   Orc:2 *(:[   Elf:1 !   Elf:2 [   Snake:4 }=}

Portals:
Desolation: Vaults:2


Innate Abilities, Weirdness & Mutations

Your experience applies equally to all skills.
You have very sharp teeth.
Your uncanny sense of smell can sniff out nearby items.
You are dopey. (Int -2)
Your flesh is heat resistant. (rF+)
Your spells are a little harder to cast, but a little more powerful.


Message History

Press: ? - help, Shift-Dir - straight line, f - tengu reaver
Aim: a tengu reaver, wielding a +2 halberd of venom and wearing a +0 scale mail (heavily wounded, lightly drained, chance to defeat MR: 66%)
The tengu reaver struggles to resist.
You block the tengu reaver's attack.
The tengu reaver pecks you but does no damage.
The tengu reaver claws you but does no damage.
Press: ? - help, Shift-Dir - straight line, f/p - tengu reaver
Aim: a tengu reaver, wielding a +2 halberd of venom and wearing a +0 scale mail (heavily wounded, lightly drained, chance to defeat MR: 66%)
The tengu reaver struggles to resist.
Press: ? - help, Shift-Dir - straight line, f/p - tengu reaver
Aim: a tengu reaver, wielding a +2 halberd of venom and wearing a +0 scale mail (heavily wounded, lightly drained, chance to defeat MR: 66%)
The tengu reaver struggles to resist.
The tengu reaver gestures wildly while chanting.
The tengu reaver conjures a globe of magical energy!
A battlesphere comes into view.
You feel much better.
The tengu reaver gestures at you while chanting.
The bolt of lightning hits you!!
* * * LOW HITPOINT WARNING * * *
The bolt of lightning hits you!!
You die...

##### #..#...#### ∆
+..#......###
#..#.)......##
+..#.........#
#####..#####......
#Q#(#..#...###....
#..###@#'#..#.....##...
#...........'.!....##..
#...*.......#.......##.
################....^#.
#..##....## #...##....#
#....'....# #....#....'
#########################'#


You could see a tengu reaver (drained) and a battlesphere.

Vanquished Creatures
  Bai Suzhen (Snake:2)
  Vashnia (Snake:2)
  Rupert (Lair:6)
  Jorgrun (Snake:2)
  The ghost of Wabriskezyt the Brawler, an adept TrMo of Okawaru (Snake:2)
  A deep elf blademaster (Elf:3)
  2 deep elf master archers (Elf:3)
  Agnes (Elf:1)
  8 nagarajas
  3 vault wardens
  An orc warlord (Orc:1)
  Aizul (Elf:3)
  7 deep elf sorcerers
  10 deep elf elementalists
  4 ironheart preservers (Vaults:1)
  A stone giant (Orc:2)
  5 deep elf annihilators
  4 deep elf demonologists
  Snorg (D:12)
  A fire dragon (Vaults:1)
  4 deep elf death magi
  2 ogre magi
  Josephine (D:15)
  4 deep elf high priests
  Erolcha (D:11)
  2 hydras
  20 naga warriors
  4 vault guards
  A rakshasa (Vaults:1)
  Erica (D:11)
  A death knight (Vaults:1)
  4 centaur warriors
  9 anacondas
  2 catoblepae (Lair:6)
  22 dancing weapons
  10 two-headed ogres
  7 death yaks
  13 shock serpents
  21 naga sharpshooters
  Urug (Orc:1)
  2 orc high priests
  19 deep elf knights
  A spectral anaconda (Snake:2)
  5 salamander mystics
  2 unseen horrors
  A wizard (Vaults:2)
  5 naga ritualists
  11 deep elf archers
  8 mana vipers
  7 orc knights
  13 salamanders
  7 orc sorcerers
  3 ironbrand convokers (Vaults:1)
  24 ugly things
  2 wolf spiders (Vaults:1)
  48 deep elf magi
  9 cyclopes
  2 manticores
  A spectral shock serpent (Snake:2)
  7 vault sentinels
  22 naga magi
  15 elephants
  28 black mambas
  5 guardian serpents
  20 cane toads
  A black mamba (shapeshifter) (D:15)
  A gargoyle (D:15)
  12 yaktaurs
  A rime drake (Lair:2)
  7 komodo dragons
  2 tengu conjurers (D:15)
  An efreet (D:13)
  A yaktaur (shapeshifter) (D:15)
  A spectral salamander (Snake:2)
  A freezing wraith (D:14)
  3 kobold demonologists
  A polar bear (shapeshifter) (D:15)
  A queen bee (Lair:2)
  11 trolls
  A queen bee (shapeshifter) (D:15)
  A harpy skeleton (D:15)
  3 polar bears
  A merfolk (shapeshifter) (D:15)
  A wind drake (shapeshifter) (Vaults:1)
  4 tyrant leeches
  22 blink frogs
  2 bog bodies (Lair:3)
  35 slime creatures
  11 hippogriffs
  A meliai zombie (D:15)
  Sigmund (D:5)
  A shock serpent simulacrum (Snake:2)
  An air elemental (Elf:3)
  6 wraiths
  A water elemental (Elf:1)
  3 wyverns
  17 yaks
  A shadow (D:15)
  A basilisk (shapeshifter) (Vaults:1)
  A basilisk (Lair:6)
  3 fire elementals
  10 vampire mosquitoes
  Grum (D:11)
  4 wargs
  68 nagas
  2 swamp worms (Lair:3)
  3 acid dragons
  5 porcupines
  15 water moccasins
  An eye of draining (D:12)
  A hornet zombie (D:15)
  40 orc warriors
  5 sky beasts
  3 black bears
  5 phantoms
  A black bear (shapeshifter) (Vaults:1)
  An eye of draining (shapeshifter) (D:15)
  An ice beast (D:12)
  A black mamba simulacrum (Snake:2)
  5 boggarts
  21 ogres
  14 wolves
  10 crocodiles
  24 centaurs
  7 big kobolds
  28 bullfrogs
  Blork the orc (D:5)
  A wyvern skeleton (D:8)
  4 scorpions
  A naga simulacrum (Snake:2)
  28 killer bees
  3 spectral nagas (Snake:2)
  A vampire bat (D:4)
  3 electric eels
  4 centaur zombies
  A howler monkey (D:9)
  19 orc priests
  5 jellies
  4 hounds
  3 bullfrog zombies (D:9)
  3 centaur skeletons
  Crazy Yiuf (D:5)
  2 bullfrog skeletons
  21 orc wizards
  An iguana (D:9)
  6 worker ants
  A hound skeleton (D:9)
  A howler monkey zombie (D:6)
  4 gnolls (D:8)
  2 worker ant zombies (D:6)
  24 adders
  2 shadow imps
  A white imp (D:9)
  An ufetubus (D:6)
  An ooze (D:2)
  An adder zombie (D:5)
  4 adder skeletons
  7 worms
  A dart slug (D:1)
  4 leopard geckos
  104 orcs
  A bat zombie (D:2)
  3 giant cockroaches
  6 goblins
  8 hobgoblins
  5 jackals (D:2)
  21 kobolds
  4 quokkas
  A ball python (D:2)
  19 bats
  4 frilled lizards
  A quokka skeleton (D:5)
  A quokka zombie (D:6)
  4 rats
1238 creatures vanquished.

Vanquished Creatures (others)
  A naga sharpshooter (Snake:2)
  2 deep elf magi
  A wizard (D:4)
  A black mamba (Snake:4)
  2 naga magi
  A water elemental (Elf:2)
  2 nagas (Snake:4)
  An orc (Orc:1)
  55 fungi
  105 plants
171 creatures vanquished.

Grand Total: 1409 creatures vanquished

Notes
Turn   | Place    | Note
-------+----------+-------------------------------------------
     0 | Abyss:1  | Gargoyl the Gnoll Abyssal Knight began the quest for the
                  | Orb.
     0 | Abyss:1  | Reached XP level 1. HP: 23/23 MP: 3/3
    18 | Abyss:2  | Found a corrupted altar of Lugonu.
    65 | Abyss:2  | Noticed a raiju
    66 | Abyss:2  | Noticed a raiju
    85 | Abyss:2  | Noticed a wretched star
   107 | D:1      | Escaped the Abyss
   173 | D:1      | Reached XP level 2. HP: 29/29 MP: 5/5
   248 | D:1      | Reached * piety under Lugonu
  1013 | D:2      | Reached XP level 3. HP: 33/35 MP: 6/6
  1461 | D:2      | Reached skill level 1 in Short Blades
  1461 | D:2      | Reached skill level 1 in Long Blades
  1461 | D:2      | Reached skill level 1 in Maces & Flails
  1461 | D:2      | Reached skill level 1 in Polearms
  1461 | D:2      | Reached skill level 1 in Staves
  1461 | D:2      | Reached skill level 1 in Slings
  1461 | D:2      | Reached skill level 1 in Bows
  1461 | D:2      | Reached skill level 1 in Crossbows
  1461 | D:2      | Reached skill level 1 in Throwing
  1461 | D:2      | Reached skill level 1 in Stealth
  1461 | D:2      | Reached skill level 1 in Shields
  1461 | D:2      | Reached skill level 1 in Unarmed Combat
  1461 | D:2      | Reached skill level 1 in Spellcasting
  1461 | D:2      | Reached skill level 1 in Evocations
  1681 | D:2      | Reached XP level 4. HP: 41/41 MP: 7/7
  2043 | D:2      | Reached ** piety under Lugonu
  2238 | D:3      | Reached skill level 1 in Conjurations
  2238 | D:3      | Reached skill level 1 in Hexes
  2238 | D:3      | Reached skill level 1 in Summonings
  2238 | D:3      | Reached skill level 1 in Necromancy
  2238 | D:3      | Reached skill level 1 in Translocations
  2238 | D:3      | Reached skill level 1 in Transmutations
  2238 | D:3      | Reached skill level 1 in Fire Magic
  2238 | D:3      | Reached skill level 1 in Ice Magic
  2238 | D:3      | Reached skill level 1 in Air Magic
  2238 | D:3      | Reached skill level 1 in Earth Magic
  2238 | D:3      | Reached skill level 1 in Poison Magic
  2415 | D:3      | Found an opulent altar of Gozag.
  2595 | D:3      | Reached XP level 5. HP: 47/47 MP: 8/8
  2934 | D:4      | Noticed a phantom
  2962 | D:4      | Killed a phantom
  2962 | D:4      | Reached skill level 5 in Invocations
  2962 | D:4      | Reached XP level 6. HP: 47/53 MP: 9/9
  2992 | D:4      | Reached skill level 5 in Axes
  2992 | D:4      | Reached skill level 5 in Armour
  2992 | D:4      | Reached skill level 2 in Shields
  3306 | D:4      | Reached XP level 7. HP: 51/59 MP: 10/10
  3571 | D:4      | Found a bloodstained altar of Trog.
  3573 | D:4      | Noticed a wizard
  3579 | D:4      | Killed a wizard
  3799 | D:4      | Reached *** piety under Lugonu
  3857 | D:5      | Entered Level 5 of the Dungeon
  3900 | D:5      | Gained mutation: You are partially covered in icy blue
                  | scales. (AC +2) [potion of mutation]
  3900 | D:5      | Gained mutation: Your muscles are strong. (Str +2) [potion
                  | of mutation]
  3900 | D:5      | Gained mutation: Your flesh is cold resistant. (rC+)
                  | [potion of mutation]
  4284 | D:5      | Reached XP level 8. HP: 18/67 MP: 12/12
  4286 | D:5      | Reached skill level 3 in Shields
  4573 | D:5      | Found a stormy altar of Qazlal.
  4577 | D:5      | Noticed Blork the orc
  4588 | D:5      | Killed Blork the orc
  4723 | D:5      | Noticed Sigmund
  4733 | D:5      | Killed Sigmund
  4895 | D:5      | Found a runed translucent door.
  4896 | D:5      | Noticed Crazy Yiuf
  4904 | D:5      | Killed Crazy Yiuf
  5398 | D:6      | Reached XP level 9. HP: 45/72 MP: 14/14
  5655 | D:6      | Reached skill level 4 in Shields
  5861 | D:6      | Reached **** piety under Lugonu
  5886 | D:7      | Got a dazzling kite shield
  6105 | D:6      | Identified the +2 kite shield of the Weaver {rPois MP-9
                  | Str+3} (You found it on level 7 of the Dungeon)
  6182 | D:6      | Reached skill level 5 in Dodging
  6963 | D:7      | Upgraded the game from 0.26-a0-648-g87339cca5e to
                  | 0.26-a0-649-gf8c6c3aab7
  7417 | D:7      | Found a staircase to the Ecumenical Temple.
  8029 | D:8      | Reached XP level 10. HP: 76/80 MP: 8/17
  8488 | D:9      | Found a white marble altar of Elyvilon.
  8683 | D:9      | Reached skill level 5 in Short Blades
  8683 | D:9      | Reached skill level 5 in Long Blades
  8683 | D:9      | Reached skill level 5 in Maces & Flails
  8683 | D:9      | Reached skill level 5 in Polearms
  8683 | D:9      | Reached skill level 5 in Staves
  8683 | D:9      | Reached skill level 5 in Slings
  8683 | D:9      | Reached skill level 5 in Bows
  8683 | D:9      | Reached skill level 5 in Crossbows
  8683 | D:9      | Reached skill level 5 in Throwing
  8683 | D:9      | Reached skill level 5 in Stealth
  8683 | D:9      | Reached skill level 5 in Shields
  8683 | D:9      | Reached skill level 5 in Unarmed Combat
  8683 | D:9      | Reached skill level 5 in Spellcasting
  8683 | D:9      | Reached skill level 5 in Evocations
  8837 | D:9      | Reached ***** piety under Lugonu
  9113 | D:9      | HP: 3/82 [something (3)]
  9113 | D:9      | HP: 1/82 [something (2)]
  9758 | D:9      | Found a shimmering altar of Xom.
  9832 | D:10     | Entered Level 10 of the Dungeon
  9910 | D:10     | Noticed a two-headed ogre
  9922 | D:10     | Killed a two-headed ogre
 10383 | D:10     | Noticed a purple ugly thing
 10411 | D:10     | Killed a purple ugly thing
 10705 | D:10     | Reached XP level 11. HP: 45/87 MP: 10/19
 11008 | D:10     | Noticed a two-headed ogre
 11022 | D:10     | Killed a two-headed ogre
 11022 | D:10     | Reached skill level 6 in Shields
 11022 | D:10     | Reached skill level 5 in Conjurations
 11022 | D:10     | Reached skill level 5 in Hexes
 11022 | D:10     | Reached skill level 5 in Summonings
 11022 | D:10     | Reached skill level 5 in Necromancy
 11022 | D:10     | Reached skill level 5 in Translocations
 11022 | D:10     | Reached skill level 5 in Transmutations
 11022 | D:10     | Reached skill level 5 in Fire Magic
 11022 | D:10     | Reached skill level 5 in Ice Magic
 11022 | D:10     | Reached skill level 5 in Air Magic
 11022 | D:10     | Reached skill level 5 in Earth Magic
 11022 | D:10     | Reached skill level 5 in Poison Magic
 11358 | D:11     | Noticed Erica
 11358 | D:11     | Noticed Grum
 11461 | D:11     | Killed Grum
 11478 | D:11     | Killed Erica
 11572 | D:11     | Noticed Erolcha
 11583 | D:11     | Killed Erolcha
 11643 | D:11     | Noticed a death yak
 11648 | D:11     | Noticed a death yak
 11648 | D:11     | Noticed a death yak
 11649 | D:11     | Noticed a death yak
 11649 | D:11     | Noticed a death yak
 11651 | D:11     | Noticed a death yak
 11651 | D:11     | Noticed a death yak
 11652 | D:11     | Noticed a death yak
 11659 | D:11     | Killed a death yak
 11684 | D:10     | Killed a death yak
 11774 | D:10     | Killed a death yak
 11782 | D:10     | Killed a death yak
 11913 | D:10     | Killed a death yak
 11913 | D:10     | Reached XP level 12. HP: 59/96 MP: 13/22
 11924 | D:10     | Killed a death yak
 12023 | D:10     | Banished a death yak
 12023 | D:10     | Reached skill level 7 in Shields
 12189 | D:10     | Killed a death yak
 12363 | D:11     | Found a staircase to the Lair.
 12517 | Lair:1   | Entered Level 1 of the Lair of Beasts
 12641 | Lair:1   | Found a sparkling altar of Nemelex Xobeh.
 12758 | Lair:1   | Noticed a four-headed hydra
 12767 | Lair:1   | Banished a four-headed hydra
 12947 | Lair:1   | Got a brightly glowing helmet
 12958 | Lair:1   | Identified the +4 helmet of Jaquc {Regen+ rCorr Str+4} (You
                  | found it on level 1 of the Lair of Beasts)
 13698 | Lair:2   | Reached skill level 10 in Fighting
 14706 | Lair:3   | Reached XP level 13. HP: 103/103 MP: 15/24
 14783 | Lair:3   | Found a staircase to the Snake Pit.
 15054 | Lair:3   | Reached skill level 8 in Shields
 15100 | Lair:3   | Reached skill level 10 in Invocations
 15104 | Lair:3   | Found a staircase to the Swamp.
 15676 | Lair:4   | Reached ****** piety under Lugonu
 16693 | Lair:5   | Found a staircase to the Slime Pits.
 17862 | Lair:6   | Entered Level 6 of the Lair of Beasts
 18101 | Lair:5   | Reached XP level 14. HP: 91/111 MP: 17/26
 18180 | Lair:5   | Reached skill level 10 in Axes
 18180 | Lair:5   | Reached skill level 10 in Armour
 18345 | Lair:6   | Reached skill level 9 in Shields
 19209 | Lair:6   | Noticed Rupert
 19246 | Lair:6   | Paralysed by Rupert for 4 turns
 19264 | Lair:6   | Killed Rupert
 19783 | D:12     | Noticed Snorg
 19829 | D:12     | Killed Snorg
 20503 | D:12     | Found a staircase to the Orcish Mines.
 20871 | D:13     | Reached skill level 10 in Shields
 20906 | D:13     | Reached skill level 10 in Dodging
 21058 | D:13     | Found a gate to the Vaults.
 21329 | D:13     | Found Syuhoig's Magic Scroll Shoppe.
 21340 | D:13     | Bought a scroll of acquirement for 676 gold pieces
 21340 | D:13     | Bought a scroll of enchant weapon for 97 gold pieces
 21340 | D:13     | Bought a scroll of enchant armour for 97 gold pieces
 21342 | D:13     | Acquired the ring of Jowaakan {rC+ Str+2}
 21483 | D:14     | Reached XP level 15. HP: 117/119 MP: 19/28
 21738 | D:14     | Got a glimmering chain mail
 21762 | D:13     | Identified the cursed +0 chain mail of Entitlement {rC+++
                  | rN+ Str-3 SInv} (You found it on level 14 of the Dungeon)
 22049 | D:14     | Found a shadowy altar of Dithmenos.
 22092 | D:14     | Got a polished scale mail
 22108 | D:14     | Identified the +4 scale mail of Icetev {rElec Int+3 Stlth+}
                  | (You found it on level 14 of the Dungeon)
 22156 | D:14     | Reached skill level 10 in Short Blades
 22156 | D:14     | Reached skill level 10 in Long Blades
 22156 | D:14     | Reached skill level 10 in Maces & Flails
 22156 | D:14     | Reached skill level 10 in Polearms
 22156 | D:14     | Reached skill level 10 in Staves
 22156 | D:14     | Reached skill level 10 in Slings
 22156 | D:14     | Reached skill level 10 in Bows
 22156 | D:14     | Reached skill level 10 in Crossbows
 22156 | D:14     | Reached skill level 10 in Throwing
 22156 | D:14     | Reached skill level 10 in Stealth
 22156 | D:14     | Reached skill level 10 in Unarmed Combat
 22156 | D:14     | Reached skill level 10 in Spellcasting
 22156 | D:14     | Reached skill level 10 in Evocations
 22259 | D:15     | Entered Level 15 of the Dungeon
 22458 | D:15     | Noticed Josephine
 22466 | D:15     | Killed Josephine
 22554 | D:15     | Reached skill level 11 in Shields
 23659 | D:15     | Found a staircase to the Depths.
 24208 | D:15     | Found a blossoming altar of Fedhas.
 24353 | Orc:1    | Entered Level 1 of the Orcish Mines
 24556 | Orc:2    | Entered Level 2 of the Orcish Mines
 24579 | Orc:2    | Paralysed by an orc sorcerer for 6 turns
 24707 | Orc:1    | Paralysed by an orc sorcerer for 7 turns
 24800 | Orc:2    | Found Busyn's Antique Weapon Boutique.
 24822 | Orc:2    | Found Feitrey's General Store.
 24831 | Orc:2    | Bought a scroll of brand weapon for 260 gold pieces
 24839 | Orc:2    | Noticed an orc warlord
 24915 | Orc:1    | Killed an orc warlord
 24976 | Orc:2    | Reached XP level 16. HP: 127/127 MP: 21/30
 25064 | Orc:2    | Found Sikliegg's Book Boutique.
 25191 | Orc:2    | Found a staircase to the Elven Halls.
 25195 | Orc:1    | Noticed Urug
 25217 | Orc:1    | Killed Urug
 25515 | Orc:2    | Found a roughly hewn altar of Beogh.
 25625 | Orc:2    | Found Igaraoss's Antique Armour Emporium.
 25645 | Orc:2    | Bought a pair of embroidered boots for 247 gold pieces
 25894 | Elf:1    | Entered Level 1 of the Elven Halls
 25894 | Elf:1    | Noticed Agnes
 25907 | Elf:1    | Killed Agnes
 25980 | Elf:1    | Found Kumpide's Distillery.
 26003 | Elf:1    | Bought a potion of heal wounds for 80 gold pieces
 26003 | Elf:1    | Bought a potion of heal wounds for 80 gold pieces
 26003 | Elf:1    | Bought a potion of mutation for 128 gold pieces
 26003 | Elf:1    | Lost mutation: Your flesh is cold resistant. (rC+) [potion
                  | of mutation]
 26003 | Elf:1    | Lost mutation: Your muscles are strong. (Str +2) [potion of
                  | mutation]
 26003 | Elf:1    | Lost mutation: You are partially covered in icy blue
                  | scales. (AC +2) [potion of mutation]
 26003 | Elf:1    | Gained mutation: Your body sometimes deteriorates upon
                  | taking damage. [potion of mutation]
 26003 | Elf:1    | Gained mutation: You are clumsy. (Dex -2) [potion of
                  | mutation]
 26003 | Elf:1    | Gained mutation: Your flesh is heat resistant. (rF+)
                  | [potion of mutation]
 26004 | Elf:1    | Lost mutation: Your body sometimes deteriorates upon taking
                  | damage. [potion of mutation]
 26004 | Elf:1    | Lost mutation: You are clumsy. (Dex -2) [potion of
                  | mutation]
 26004 | Elf:1    | Gained mutation: You are dopey. (Int -2) [potion of
                  | mutation]
 26004 | Elf:1    | Gained mutation: Your spells are a little harder to cast,
                  | but a little more powerful. [potion of mutation]
 26160 | Elf:1    | Reached skill level 12 in Shields
 26672 | Elf:1    | You fall into a shaft and drop 1 floor!
 26735 | Elf:2    | Found Esomnofa's Antique Armour Shoppe.
 27671 | Elf:2    | Found a runed translucent gate.
 27672 | Elf:2    | Found a runed translucent gate.
 27679 | Elf:2    | Found a runed translucent gate.
 28113 | Elf:2    | Reached XP level 17. HP: 135/135 MP: 23/32
 28299 | Elf:2    | Reached skill level 13 in Shields
 28350 | Elf:2    | Noticed a deep elf blademaster
 28367 | Elf:2    | Banished a deep elf blademaster
 28616 | Elf:3    | Entered Level 3 of the Elven Halls
 28673 | Elf:3    | Noticed Aizul
 28697 | Elf:3    | Killed Aizul
 29581 | Abyss:1  | Noticed a lich
 29582 | Elf:3    | Escaped the Abyss
 29880 | Elf:3    | Noticed an Ice Fiend
 29894 | Elf:3    | Noticed a deep elf blademaster
 29909 | Elf:3    | Killed a deep elf blademaster
 29929 | Elf:3    | Reached skill level 10 in Conjurations
 29929 | Elf:3    | Reached skill level 10 in Hexes
 29929 | Elf:3    | Reached skill level 10 in Summonings
 29929 | Elf:3    | Reached skill level 10 in Necromancy
 29929 | Elf:3    | Reached skill level 10 in Translocations
 29929 | Elf:3    | Reached skill level 10 in Transmutations
 29929 | Elf:3    | Reached skill level 10 in Fire Magic
 29929 | Elf:3    | Reached skill level 10 in Ice Magic
 29929 | Elf:3    | Reached skill level 10 in Air Magic
 29929 | Elf:3    | Reached skill level 10 in Earth Magic
 29929 | Elf:3    | Reached skill level 10 in Poison Magic
 29950 | Elf:3    | Noticed a deep elf master archer
 30240 | Elf:3    | Killed a deep elf master archer
 30374 | Elf:3    | Cast into level 3 of the Abyss (a deep elf sorcerer)
 30381 | Elf:3    | Escaped the Abyss
 30997 | Elf:3    | Cast into level 3 of the Abyss (a deep elf sorcerer)
 30998 | Elf:3    | Escaped the Abyss
 31083 | Elf:3    | Identified the +1 robe "Luliorr" {rF+}
 31083 | Elf:3    | Noticed a deep elf master archer
 31087 | Elf:3    | Noticed an Ice Fiend
 31098 | Elf:3    | Killed a deep elf master archer
 31098 | Elf:3    | Reached XP level 18. HP: 34/143 MP: 24/33
 31495 | Elf:3    | Identified the Disquisition on Envenoming
 31502 | Elf:3    | Identified the Guide on Evil Arts and Snow
 31573 | Elf:3    | Reached skill level 14 in Shields
 31781 | Snake:1  | Entered Level 1 of the Snake Pit
 32799 | Snake:2  | Noticed Jorgrun
 32816 | Snake:2  | Killed Jorgrun
 33373 | Snake:2  | Noticed Vashnia
 33399 | Snake:2  | Killed Vashnia
 33725 | Snake:2  | Found a runed translucent gate.
 33727 | Snake:2  | Found a runed translucent gate.
 33728 | Snake:2  | Found a runed translucent gate.
 33730 | Snake:2  | Noticed Wabriskezyt's ghost (adept TrMo)
 33732 | Snake:2  | Got a scorched spear
 33737 | Snake:2  | Identified the cursed +2 spear of Attainder {pain, +Blink
                  | rC- MR++} (You found it on level 2 of the Snake Pit)
 33941 | Snake:2  | Killed Wabriskezyt's ghost
 34346 | Snake:3  | Reached XP level 19. HP: 132/151 MP: 26/35
 34408 | Snake:3  | Noticed Bai Suzhen
 34451 | Snake:2  | Killed Bai Suzhen
 34451 | Snake:2  | Reached skill level 15 in Shields
 34885 | Snake:4  | Entered Level 4 of the Snake Pit
 35515 | Snake:4  | Found Ytifesae's Gadget Emporium.
 35516 | Snake:4  | Found Memour's Jewellery Boutique.
 35517 | Snake:4  | Found Fuank's Gadget Emporium.
 36993 | Snake:4  | Got a serpentine rune of Zot
 37614 | Vaults:1 | Entered Level 1 of the Vaults
 37716 | Vaults:1 | Reached XP level 20. HP: 160/160 MP: 28/37
 37915 | Vaults:1 | Reached skill level 16 in Shields
 38530 | Vaults:1 | Identified the +1 battleaxe of Ashenzari's Wrath {elec, rF+
                  | Dex+4} (You found it on level 1 of the Vaults)
 38802 | Vaults:1 | Reached skill level 15 in Invocations
 39527 | Vaults:2 | Found a ruined gateway.
 39817 | Vaults:2 | Killed from afar by a tengu reaver

Illustrated notes

Levels and vault maps discovered:
D:1:      evilmike_arrival_crescent, layout_basic,
          chequers_serial_rivers_micro_a
D:2:      minmay_door_path, layout_basic, minmay_misc_feat_diagonals
D:3:      layout_loops_ring, minivault_24, grunt_gozag_statues
D:4:      layout_basic, roderic_batcave, trog_wizard
D:5:      layout_rooms, grunt_qazlal_sundering, uniq_crazy_yiuf_cottage,
          uniq_blork_the_orc, uniq_sigmund
D:6:      layout_rooms, kennysheep_generic_room_6
D:7:      layout_basic, minmay_temple_entry_proselytizer
D:8:      layout_basic, minmay_misc_feat_enclosed
D:9:      layout_loops_ring, marbit_many_paths, elyvilon_altar_1
D:10:     layout_cave_pools, solitary_fountain
D:11:     layout_cross, dpeg_lair_monsters, uniq_erolcha, uniq_grum, uniq_erica
D:12:     layout_roguey, hiddenorc1_lemuel, fungi_pond_lemuel, hex_medium,
          uniq_snorg
D:13:     layout_small_grid, hangedman_vaults_entry_quadrant_bands,
          serial_shops, shop_scrolls, roderic_roman_lattice
D:14:     layout_basic, nicolae_dithmenos_through_a_glass_darkly
D:15:     gammafunk_enter_depths_forms, layout_loops_corners,
          columned_hall_lemuel, chequers_serial_rivers_marsh,
          lemuel_centaur_altar, uniq_josephine
Lair:1:   layout_cave_pods, basic_altar, beast_lair_carwin_10
Lair:2:   layout_roguey, special_room [special_room_bee], minmay_holes,
          serial_bayou_pond_c, serial_bayou_shore_b
Lair:3:   layout_long_grid, nicolae_swamp_entry_splash_gauntlet,
          minmay_snake_entry_six_corridors
Lair:4:   layout_layer_cave, grunt_megastairs_2
Lair:5:   layout_layer_cave, slime_dummy
Lair:6:   minmay_lair_end_frog_pond, layout_cave_pods, serial_bayou_ford_a,
          nicolae_lair_grove_arrangements, fungi_pond_lemuel, uniq_rupert
Snake:1:  layout_basic
Snake:2:  layout_misc_corridors, special_room, gammafunk_ghost_necromancy,
          uniq_jorgrun, uniq_vashnia
Snake:3:  layout_onion_interference, uniq_bai_suzhen
Snake:4:  johnstein_snake_rune_scales, layout_layer_cave, grunt_megastairs_3,
          minmay_shop_grove
Orc:1:    layout_caves, uniq_urug
Orc:2:    grunt_orc_gardens, layout_diamond_mine, grunt_orc_garden,
          grunt_orc_garden, grunt_orc_garden, grunt_orc_garden, basic_altar,
          mines_bat_river
Elf:1:    layout_geoelf_grid, serial_shops, shop_coins,
          minmay_elf_crystal_hexagon, minivault_24, uniq_agnes
Elf:2:    layout_loops_ring, serial_shops, shop
Elf:3:    minmay_elf_hall_spiked, layout_gridlike, grunt_ministairs_15,
          uniq_aizul
Vaults:1: v_alt_pattern_2, vaults_dpeg_hooks, vaults_room_door_hall,
          serial_ice_h, vaults_room_large_hall, v_misc_12,
          nicolae_vaults_alarming, hangedman_vaults_capsules, v_alt_pattern_6,
          v_misc_19, nicolae_vaults_little_squares_3, layout_vaults_omnigrid
Vaults:2: minmay_crypt_entry_simple_box, v_misc_4, v_misc_14,
          nicolae_vaults_ninety_degrees, v_misc_17, serial_ice_h, v_misc_31,
          nicolae_vaults_octagons, hangedman_vaults_nails,
          nicolae_vaults_stairing_the_circle, hangedman_vaults_trim,
          vaults_dpeg_encased_lava, layout_vaults_omnicross,
          portal_desolation_entry_nicolae_slug, uniq_frederick

Skill      XL: |  1  2  3  4  5  6  7  8  9 10 11 12 13 14 15 16 17 18 19 20 |
---------------+-------------------------------------------------------------+-----
Short Blades   | 1 2 3 4 5 6 7 8 9 10 11 12 13 | 13.5
Long Blades    | 1 2 3 4 5 6 7 8 9 10 11 12 13 | 13.5
Maces & Flails | 1 2 3 4 5 6 7 8 9 10 11 12 13 | 13.5
Polearms       | 1 2 3 4 5 6 7 8 9 10 11 12 13 | 13.5
Staves         | 1 2 3 4 5 6 7 8 9 10 11 12 13 | 13.5
Slings         | 1 2 3 4 5 6 7 8 9 10 11 12 13 | 13.5
Bows           | 1 2 3 4 5 6 7 8 9 10 11 12 13 | 13.5
Crossbows      | 1 2 3 4 5 6 7 8 9 10 11 12 13 | 13.5
Throwing       | 1 2 3 4 5 6 7 8 9 10 11 12 13 | 13.5
Stealth        | 1 2 3 4 5 6 7 8 9 10 11 12 13 | 13.5
Shields        | 1 2 3 4 5 6 7 8 10 11 12 13 14 15 16 | 16.5
Unarmed Combat | 1 2 3 4 5 6 7 8 9 10 11 12 13 | 13.5
Spellcasting   | 1 2 3 4 5 6 7 8 9 10 11 12 13 | 13.5
Evocations     | 1 2 3 4 5 6 7 8 9 10 11 12 13 | 13.5
Conjurations   | 1 2 3 4 5 6 7 8 9 10 11 | 11.6
Hexes          | 1 2 3 4 5 6 7 8 9 10 11 | 11.6
Summonings     | 1 2 3 4 5 6 7 8 9 10 11 | 11.6
Necromancy     | 1 2 3 4 5 6 7 8 9 10 11 | 11.6
Translocations | 1 2 3 4 5 6 7 8 9 10 11 | 11.6
Transmutations | 1 2 3 4 5 6 7 8 9 10 11 | 11.6
Fire Magic     | 1 2 3 4 5 6 7 8 9 10 11 | 11.6
Ice Magic      | 1 2 3 4 5 6 7 8 9 10 11 | 11.6
Air Magic      | 1 2 3 4 5 6 7 8 9 10 11 | 11.6
Earth Magic    | 1 2 3 4 5 6 7 8 9 10 11 | 11.6
Poison Magic   | 1 2 3 4 5 6 7 8 9 10 11 | 11.6
Dodging        | 3 4 5 6 7 8 9 10 11 12 13 | 13.7
Invocations    | 5 6 7 8 9 10 11 12 13 14 15 | 15.1
Axes           | 5 6 7 8 9 10 11 12 13 14 | 14.1
Armour         | 5 6 7 8 9 10 11 12 13 14 | 14.1
Fighting       | 7 8 9 10 11 12 13 14 | 14.7

Action                   |  1- 3 |  4- 6 |  7- 9 | 10-12 | 13-15 | 16-18 | 19-21 || total
-------------------------+-------+-------+-------+-------+-------+-------+-------++-------
Melee: Broad axe         |    75 |   128 |   310 |   606 |  1116 |  1053 |   668 ||  3956
       Bite              |     9 |    17 |    33 |   111 |   239 |   214 |   152 ||   775
       Scimitar          |       |       |       |       |    12 |       |       ||    12
Throw: Dart              |       |       |     2 |    85 |    46 |     3 |    19 ||   155
Invok: Depart the Abyss  |     1 |       |       |       |       |     3 |       ||     4
       Bend Space        |       |       |     1 |       |       |     2 |       ||     3
       Banish            |       |       |       |     3 |     4 |     1 |     3 ||    11
       Enter the Abyss   |       |       |       |       |       |     1 |       ||     1
Evoke: Wand              |       |     5 |     3 |     5 |       |       |       ||    13
  Use: Scroll            |     6 |     4 |     7 |     8 |    21 |    10 |     1 ||    57
       Potion            |       |       |     7 |     2 |     2 |     3 |     1 ||    15
 Stab: Sleeping          |       |     1 |     2 |       |       |     1 |     2 ||     6
       Distracted        |       |       |       |       |       |       |     1 ||     1
Armor: Leather armour    |    12 |       |       |       |       |       |       ||    12
       Ring mail         |    27 |    64 |    58 |       |       |       |       ||   149
       Skin              |       |       |     7 |       |       |       |       ||     7
       Scale mail        |       |       |   116 |    97 |       |       |       ||   213
       Plate armour      |       |       |       |   253 |   605 |   327 |   191 ||  1376
Dodge: Dodged            |    61 |   115 |   230 |   350 |   611 |   485 |   341 ||  2193
Block: Buckler           |       |    10 |    68 |       |       |       |       ||    78
       Kite shield       |       |       |   107 |   604 |  1203 |  1288 |   976 ||  4178
       Reflection        |       |       |       |       |       |   191 |   160 ||   351

Table legend: (Time is in decaauts)
 A = Elapsed time spent in this place.
 B = Non-inter-level travel time spent in this place.
 C = Inter-level travel time spent in this place.
 D = Time resting spent in this place.
 E = Time spent auto-exploring this place.
 F = Levels seen in this place.
 G = Mean time per level.
                   A        B        C        D        E       F      G
               +--------+--------+--------+--------+--------+-----+--------+
         Total |  40327 |  38781 |   1546 |   8689 |  19851 |  37 | 1089.9 |
       Dungeon |  17716 |  16995 |    721 |   4150 |   8966 |  15 | 1181.1 |
          Lair |   7407 |   7028 |    379 |    586 |   4637 |   6 | 1234.5 |
     Snake Pit |   5559 |   5405 |    154 |   1288 |   2438 |   4 | 1389.8 |
  Orcish Mines |   1596 |   1507 |     89 |    209 |    744 |   2 |  798.0 |
   Elven Halls |   5649 |   5477 |    172 |   1977 |   1891 |   3 | 1883.0 |
        Vaults |   2197 |   2169 |     28 |    398 |   1117 |   2 | 1098.5 |
         Abyss |    200 |    200 |      0 |     81 |     57 |   5 |   40.0 |
               +--------+--------+--------+--------+--------+-----+--------+

Top non-repeatable levels by time:
 Snake:4: 2519 daAuts
   Elf:2: 2479 daAuts
    D:10: 2012 daAuts
Vaults:1: 1846 daAuts
   Elf:3: 1758 daAuts
 Snake:2: 1637 daAuts
  Lair:5: 1625 daAuts
    D:14: 1553 daAuts
     D:9: 1515 daAuts
     D:6: 1490 daAuts
     D:5: 1426 daAuts
   Elf:1: 1411 daAuts
    D:15: 1315 daAuts
     D:2: 1269 daAuts
  Lair:1: 1268 daAuts
